 Dungeon Crawl Stone Soup version 0.28-a0-1594-ga885d4b3d6 (webtiles) character file.

Game seed: 16389935525362308469

125 kae the Ruffian (level 4, -2/36 HPs)
             Began as a Draconian Transmuter on Jan 20, 2022.
             Killed by an exploding goblin (37 damage)
             ... ignited by their inner flame
             ... on level 3 of the Dungeon.
             The game lasted 00:01:02 (1601 turns).

kae the Ruffian (Draconian Transmuter)              Turns: 1601, Time: 00:01:02

Health: -2/36      AC:  5    Str: 12    XL:     4   Next: 82%
Magic:  6/7        EV: 12    Int: 16    God:
Gold:   566        SH:  0    Dex: 11    Spells: 0/8 levels left

rFire   . . .      SeeInvis .     - Unarmed
rCold   . . .      Faith    .   (no shield)
rNeg    . . .      Spirit   .   (armour unavailable)
rPois   .          Reflect  .   (helmet currently unavailable)
rElec   .          Harm     .   (no cloak)
rCorr   .          Rampage  .   (no gloves)
Will    .....                   (boots currently unavailable)
Stlth   +.........              (no amulet)
HPRegen 0.12/turn               (no ring)
MPRegen 0.10/turn               (no ring)

@: appendages
A: horns 2, talons 2, AC +5, unfitting armour, cold-blooded
a: End Transformation


You were on level 3 of the Dungeon.
You had temporarily grown beastly horns and talons.
You visited 1 branch of the dungeon, and saw 3 of its levels.

You collected 566 gold pieces.

Inventory:

Armour
 a - the +1 pair of boots "Beruh" (melded) {Rampage Str-3 Dex+6}
   (You found it on level 2 of the Dungeon)

   Str:       It affects your strength (-3).
   Dex:       It affects your dexterity (+6).
   Rampage:   It bestows one free step when moving towards enemies.
Jewellery
 d - a ring of resist corrosion
Potions
 f - a potion of brilliance {unknown}
 g - a potion of mutation {unknown}


   Skills:
 + Level 1.9 Fighting
 + Level 2.4 Dodging
 * Level 3.9 Unarmed Combat
 + Level 2.5 Spellcasting
 * Level 3.1 Transmutations
 * Level 0.0 Ice Magic
 * Level 0.0 Poison Magic


You couldn't memorise any spells.
You knew the following spells:

 Your Spells              Type           Power      Damage    Failure   Level
a - Beastly Appendage     Tmut           24%        N/A       5%          1
b - Spider Form           Tmut/Pois      7%         N/A       30%         3
c - Ice Form              Ice/Tmut       7%         N/A       71%         4

Your spell library contained the following spells:

 Spells                   Type           Power      Damage    Failure   Level
 Wereblood                Tmut           12%        N/A       9%          2
 Passwall                 Tmut/Erth      5%         N/A       16%         2
 Sandblast                Erth           4%         2d4       21%         1
 Stone Arrow              Conj/Erth      4%         3d7       52%         3


Dungeon Overview and Level Annotations

Branches:
Dungeon (3/15)

Altars:


Innate Abilities, Weirdness & Mutations

You have temporarily grown beastly horns and talons.
Your plain brown scales are hard. (AC +5)
You cannot fit into any form of body armour.
You are cold-blooded and may be slowed by cold attacks.


Message History

No target in view!
No target in view!
Your transformation is almost over.
You now have 566 gold pieces (gained 11).
Your horns disappear.
Your talons disappear.
The +1 pair of boots "Beruh" {Rampage Str-3 Dex+6} unmelds from your body.
Key pressed, stopping explore.
No target in view!
No target in view!
Things that are here:
a +0 whip of flaming; a kobold corpse You see here a +0 long sword.
Done exploring.
No target in view!
No target in view!
Done exploring.
Done exploring.
Done exploring.
(D) Dungeon
Where to? (Enter - D:2, ? - help)
There is a stone staircase leading down here.
You climb downwards.
There is a stone staircase leading up here.
A goblin is nearby!
Okay, then.
As you read the scroll labelled JUUDWU WAKK, it crumbles to dust.
The creatures around you are filled with an inner flame!
It was a scroll of immolation.
The goblin shouts!
Unknown command.
Casting: Beastly Appendage (safe; 5% risk of failure)
Confirm with . or Enter, or press ? or * to list all spells.
You grow a pair of large bovine horns.
Your feet morph into talons.
The +1 pair of boots "Beruh" {Rampage Str-3 Dex+6} melds into your body.
The goblin hits you with a +0 dagger.
You hit the goblin.
Flame seeps out of the goblin.
You tail-slap the goblin.
The goblin explodes!
The fiery explosion engulfs you!!!
Ouch! That really hurt!
You die...

#.# #.#
#.# #.#
#.#
#######.#
.....§§.#
.....§○@#
.....§.§#
........#
........#
###.###.#
... #.#
#.# #.#
#. #.#


There were no monsters in sight!

Vanquished Creatures
  2 orc priests (D:2)
  An orc wizard (D:2)
  An adder (D:2)
  A dart slug (D:2)
  2 orcs (D:2)
  A bat (D:1)
  4 endoplasms
  4 giant cockroaches
  2 goblins
  2 hobgoblins (D:2)
  3 kobolds (D:2)
  A quokka (D:1)
  4 ball pythons
  A frilled lizard (D:1)
  2 rats
31 creatures vanquished.

Notes
Turn   | Place    | Note
-------+----------+-------------------------------------------
     0 | D:1      | kae the Draconian Transmuter began the quest for the Orb.
     0 | D:1      | Reached XP level 1. HP: 16/16 MP: 3/3
   223 | D:1      | Found a faded altar of an unknown god.
   534 | D:1      | Reached XP level 2. HP: 19/23 MP: 3/5
   886 | D:2      | Identified a scroll of acquirement
   886 | D:2      | Acquired 452 gold pieces
   945 | D:2      | Identified the +1 pair of boots "Beruh" {Rampage Str-3
                  | Dex+6}
   983 | D:2      | Reached XP level 3. HP: 28/28 MP: 4/6
  1056 | D:2      | Reached XP level 4. HP: 31/36 MP: 7/7
  1365 | D:2      | Learned a level 3 spell: Spider Form
  1392 | D:2      | Learned a level 4 spell: Ice Form
  1601 | D:3      | Killed by an exploding goblin... ignited by their inner
                  | flame

Illustrated notes

Levels and vault maps discovered:
D:1:      kennysheep_arrival_forest, layout_rooms,
          chequers_ecumenical_altar_simple
D:2:      cheibrodos_pilgrimage, layout_rooms
D:3:      layout_rooms

Skill      XL: |  1  2  3  4 |
---------------+-------------+-----
Dodging        | 2 |  2.4
Transmutations | 3 |  3.1
Fighting       | |  1.9
Unarmed Combat | |  3.9
Spellcasting   | |  2.5

Action                   |  1- 3 |  4- 6 || total
-------------------------+-------+-------++-------
Melee: Unarmed           |    61 |    25 ||    86
       Kick              |    11 |     2 ||    13
       Headbutt          |     5 |     1 ||     6
       Tailslap          |     3 |     5 ||     8
       Punch             |     1 |       ||     1
 Cast: Beastly Appendage |    15 |     5 ||    20
  Use: Scroll            |     2 |     1 ||     3
       Potion            |     2 |       ||     2
 Stab: Sleeping          |     1 |       ||     1
       Invisible         |     2 |     4 ||     6
Armor: Skin              |    25 |     5 ||    30
Dodge: Dodged            |    41 |    15 ||    56

Table legend: (Time is in decaauts)
 A = Elapsed time spent in this place.
 B = Non-inter-level travel time spent in this place.
 C = Inter-level travel time spent in this place.
 D = Time resting spent in this place.
 E = Time spent auto-exploring this place.
 F = Levels seen in this place.
 G = Mean time per level.
                   A        B        C        D        E       F      G
               +--------+--------+--------+--------+--------+-----+--------+
         Total |   1595 |   1544 |     51 |     12 |   1265 |   3 |  531.7 |
       Dungeon |   1595 |   1544 |     51 |     12 |   1265 |   3 |  531.7 |
               +--------+--------+--------+--------+--------+-----+--------+

Top non-repeatable levels by time:
     D:1: 883 daAuts
     D:2: 708 daAuts
     D:3: 3 daAuts
